 Dungeon Sprint DCSS version 0.22-a0-614-g34fbaa0 (webtiles) character file.

760 Krakonus1 the Basher (level 7, -1/70 HPs)
             Began as an Ogre Fighter on July 19, 2018.
             Was a Believer of Okawaru.
             Slain by an ogre
             ... wielding a +0 giant club
              (24 damage)
             ... in the Dungeon (Sprint IX: "|||||||||||||||||||||||||||||").
             The game lasted 00:02:37 (467 turns).

Krakonus1 the Basher (Ogre Fighter)                  Turns: 467, Time: 00:02:38

Health: -1/70      AC: 12    Str: 23    XL:     7   Next: 80%
Magic:  7/7        EV:  8    Int: 12    God:    Okawaru [**....]
Gold:   0          SH:  8    Dex:  8    Spells: 6/6 levels left

rFire    . . .     SeeInvis .   m - +2 morningstar (protect)
rCold    . . .     Gourm    .   c - +0 shield
rNeg     . . .     Faith    .   b - +0 robe
rPois    .         Spirit   .   (helmet restricted)
rElec    .         Reflect  .   (no cloak)
rCorr    .         Harm     .   (gloves unavailable)
MR       .....     NoTele   +   (boots unavailable)
Stlth    +.........             (no amulet)
HPRegen  0.21/turn              n - +2 ring of protection
MPRegen  0.10/turn              o - +3 ring of intelligence

@: lethally poisoned (-1 -> -2), protection aura, very slightly contaminated
A: large, unfitting armour, tough skin 1
a: Heroism, Renounce Religion


You were in the Dungeon.
You worshipped Okawaru.
Okawaru was pleased with you.
You were not hungry.

You visited 1 branch

Inventory:

Hand Weapons
 a - a +0 flail
 m - a +2 morningstar of protection (weapon)
Armour
 b - a +0 robe (worn)
 c - a +0 shield (worn)
Jewellery
 n - a +2 ring of protection (left hand)
 o - a +3 ring of intelligence (right hand)
Wands
 l - a wand of acid (10)
Scrolls
 h - 3 scrolls of remove curse
 j - 2 scrolls of amnesia
 k - 2 scrolls of blinking
Potions
 e - 5 potions of curing
 g - a potion of heal wounds
 i - 4 potions of magic
Comestibles
 f - a ration


   Skills:
 - Level 4.0 Fighting
 * Level 14.5 Maces & Flails
 - Level 2.6 Dodging
 - Level 2.6 Shields


You had 6 spell levels left.
You didn't know any spells.
Your spell library was empty.

Dungeon Overview and Level Annotations

Branches:
Dungeon (1/1)

Altars:
Cheibriados
Dithmenos
Elyvilon
Fedhas
Gozag
Hepliaklqana
Kikubaaqudgha
Makhleb
Nemelex Xobeh
Okawaru
Qazlal
Ru
Sif Muna
Trog
Uskayaw
Vehumet
Wu Jian
Xom
Yredelemnul
Zin
The Shining One
Beogh
Jiyva
Lugonu


Innate Abilities, Weirdness & Mutations

You are too large for most types of armour.
You have tough skin. (AC +1)


Message History

You kill the hippogriff!
Okawaru is honoured by your kill.
Your Maces & Flails skill increases to level 14!
You barely miss the adder. The adder bites you.
You are poisoned.
The adder poisons you!
You impale the adder!!
You kill the adder!
Okawaru accepts your kill.
You feel sick.
You puncture the ogre!
The ogre is moderately wounded.
The ogre barely misses you.
You puncture the ogre!
The ogre is severely wounded.
You flicker back into view.
You hit the ogre.
The ogre is severely wounded.
You feel sick. The ogre hits you with a giant club!!
You die...

▓.▓
▓.▓
▓|▓
▓)▓
▓[▓
▓[▓
▓[▓
▓.▓
▓@▓
▓O▓
▓y▓
▓.▓
▓.▓
▓.▓
▓.▓
▓.▓


You could see an ogre and a killer bee.

Vanquished Creatures
  A troll (D)
  A hippogriff (D)
  A steam dragon (D)
  2 ice beasts (D)
  A worker ant (D)
  An adder (D)
  An adder zombie (D)
  2 leopard geckos (D)
  2 goblins (D)
  A kobold (D)
  A bat (D)
14 creatures vanquished.

Notes
Turn   | Place    | Note
-------+----------+-------------------------------------------
     0 | D        | Krakonus1 the Ogre Fighter began the quest for the Orb.
     0 | D        | Reached XP level 1. HP: 24/24 MP: 1/1
     5 | D        | Reached skill level 2 in Maces & Flails
     7 | D        | Reached skill level 3 in Maces & Flails
    29 | D        | Reached XP level 2. HP: 18/32 MP: 2/2
   166 | D        | Noticed an ice beast
   166 | D        | Noticed an ice beast
   171 | D        | Reached skill level 4 in Maces & Flails
   180 | D        | Killed an ice beast
   180 | D        | Reached skill level 8 in Maces & Flails
   180 | D        | Reached XP level 3. HP: 39/39 MP: 3/3
   180 | D        | Reached XP level 4. HP: 48/48 MP: 4/4
   182 | D        | Reached skill level 9 in Maces & Flails
   182 | D        | Reached XP level 5. HP: 54/54 MP: 5/5
   191 | D        | Killed an ice beast
   191 | D        | Reached skill level 10 in Maces & Flails
   396 | D        | Found a roughly hewn altar of Beogh.
   396 | D        | Found a snail-covered altar of Cheibriados.
   396 | D        | Found a shadowy altar of Dithmenos.
   396 | D        | Found a white marble altar of Elyvilon.
   396 | D        | Found a blossoming altar of Fedhas.
   396 | D        | Found an opulent altar of Gozag.
   397 | D        | Found a hazy altar of Hepliaklqana.
   398 | D        | Found a viscous altar of Jiyva.
   399 | D        | Found an ancient bone altar of Kikubaaqudgha.
   400 | D        | Found a corrupted altar of Lugonu.
   401 | D        | Found a burning altar of Makhleb.
   402 | D        | Found a sparkling altar of Nemelex Xobeh.
   403 | D        | Found an iron altar of Okawaru.
   404 | D        | Found a stormy altar of Qazlal.
   405 | D        | Found a sacrificial altar of Ru.
   406 | D        | Found a deep blue altar of Sif Muna.
   407 | D        | Found a bloodstained altar of Trog.
   408 | D        | Found a hide-covered altar of Uskayaw.
   409 | D        | Found a radiant altar of Vehumet.
   410 | D        | Found an ornate altar of the Wu Jian Council.
   411 | D        | Became a worshipper of Warmaster Okawaru
   412 | D        | Found a shimmering altar of Xom.
   413 | D        | Found a basalt altar of Yredelemnul.
   414 | D        | Found a glowing silver altar of Zin.
   415 | D        | Found a glowing golden altar of the Shining One.
   443 | D        | Noticed a troll
   443 | D        | Noticed a steam dragon
   443 | D        | Noticed a hippogriff
   443 | D        | Noticed an ogre
   448 | D        | HP: 4/54 [troll (12)]
   449 | D        | Killed a troll
   449 | D        | Reached skill level 12 in Maces & Flails
   449 | D        | Reached XP level 6. HP: 5/62 MP: 6/6
   449 | D        | Reached XP level 7. HP: 5/70 MP: 7/7
   457 | D        | Killed a steam dragon
   457 | D        | Reached * piety under Okawaru
   457 | D        | Reached skill level 13 in Maces & Flails
   462 | D        | Killed a hippogriff
   462 | D        | Reached ** piety under Okawaru
   462 | D        | Reached skill level 14 in Maces & Flails
   467 | D        | Slain by an ogre

Vault maps used:
D:        linesprint

Skill      XL: |  1  2  3  4  5  6  7 |
---------------+----------------------+-----
Maces & Flails | 3 8 9 12 14 | 14.5
Fighting       | |  4.0
Dodging        | |  2.6
Shields        | |  2.6

Action                   |  1- 3 |  4- 6 |  7- 9 || total
-------------------------+-------+-------+-------++-------
Melee: Flail             |    31 |    12 |       ||    43
       Morningstar       |       |     5 |    16 ||    21
  Use: Potion            |     3 |     1 |     2 ||     6
 Stab: Invisible         |       |       |     3 ||     3
Armor: Robe              |    14 |     6 |     5 ||    25
Dodge: Dodged            |    13 |     6 |    10 ||    29
Block: Shield            |    14 |     2 |     6 ||    22

Table legend:
 A = Spawn XP
 B = Non-spawn XP
 C = Spawn XP percentage of total XP
 D = Spawn monster count
 E = Non-spawn monster count
 F = Spawn count percentage of total count
 G = Total turns spent on level
                    A         B        C        D         E        F      G
               +---------+---------+-------+---------+---------+-------+---------
         Total |       0 |    1086 |   0.0 |       0 |      14 |   0.0 |   467
               +---------+---------+-------+---------+---------+-------+---------
             D |       0 |    1086 |   0.0 |       0 |      14 |   0.0 |   467
               +---------+---------+-------+---------+---------+-------+---------
